 Dungeon Crawl Stone Soup version 0.30.1-3-gfc49f6343a (webtiles) character file.

Game seed: 9309512740674823454

33464 spardeous the Destroyer (level 13, -2/71 HPs)
             Began as a Demigod Conjurer on Aug 10, 2023.
             Killed from afar by a raiju (19 damage)
             ... with a living lightning
             ... on level 3 of the Abyss.
             The game lasted 00:43:12 (25825 turns).

spardeous the Destroyer (Demigod Conjurer)         Turns: 25825, Time: 00:43:13

Health: -2/71      AC:  6    Str: 16      XL:     13   Next: 8%
Magic:  0/31       EV: 10    Int: 28 (29) God:
Gold:   614        SH:  8    Dex: 13 (15) Spells: 25/32 levels left

rFire   x x x        E - +6 morningstar "Killer Bee's Curse" {freeze, Dex+3}
rCold   . . .        Q - +2 buckler of Mumblety Peg {rCorr Str+4 Int+2}
rNeg    + + .        p - +0 ring mail
rPois   .            I - +1 helmet of Dyffumum {+Inv Str+4 Int+3}
rElec   .            q - +0 cloak
rCorr   +            l - +0 pair of gloves
SInv    .            (no boots)
Will    +....        T - amulet of regeneration
Stlth   +            c - ring of positive energy
HPRegen 1.11/turn    y - ring of positive energy
MPRegen 0.22/turn

%: random rage (9%)
@: very slightly contaminated, unable to read
A: high MP 1, forlorn, divine attributes, (teleportitis 1), [berserk 2], [clumsy
2], [deformed body], [deterioration 2], [dopey 2], [frail 3], [screaming 2],
[weak 2], [heat vulnerability 3], [inability to read after injury 2]
a: Evoke Invisibility


You were on level 3 of the Abyss.
You visited 1 branch of the dungeon, and saw 13 of its levels.
You visited the Abyss 1 time.
You also visited: Bailey.

You collected 1034 gold pieces.
You spent 420 gold pieces at shops.

Inventory:

Hand Weapons
 w - a +5 trident of freezing
 E - the +6 morningstar "Killer Bee's Curse" (weapon) {freeze, Dex+3}
   (You found it on level 10 of the Dungeon)

   Dex:       It affects your dexterity (+3).
Armour
 l - a +0 pair of gloves (worn)
 p - a +0 ring mail (worn)
 q - a +0 cloak (worn)
 A - the +2 robe of Caifroos {rC+ Str+3}
   (You took it off an orc on level 5 of the Dungeon)

   Str:       It affects your strength (+3).
   rC:        It protects you from cold.
 G - the +6 scale mail of the Moon {Rampage Drain rElec Dex+7}
   (You took it off an orc on level 7 of the Dungeon)

   Dex:       It affects your dexterity (+7).
   rElec:     It insulates you from electricity.
   Drain:     It drains your maximum health when unequipped.
   Rampage:   It bestows one free step when moving towards enemies.
 I - the +1 helmet of Dyffumum (worn) {+Inv Str+4 Int+3}
   (You bought it in a shop on level 2 of the Dungeon)

   Str:       It affects your strength (+4).
   Int:       It affects your intelligence (+3).
   +Inv:      It lets you turn invisible.
 J - a +2 hat of intelligence
 O - a +0 kite shield
 Q - the +2 buckler of Mumblety Peg (worn) {rCorr Str+4 Int+2}
   (You found it on level 12 of the Dungeon)

   Str:       It affects your strength (+4).
   Int:       It affects your intelligence (+2).
   rCorr:     It protects you from acid and corrosion.
Jewellery
 c - a ring of positive energy (left hand)
 g - a ring of ice
 x - a ring of fire
 y - a ring of positive energy (right hand)
 z - an amulet of the acrobat
 K - a ring of protection from cold
 T - an amulet of regeneration (around neck)
Wands
 o - a wand of quicksilver (2)
 t - a wand of roots (5)
 B - a wand of charming (8)
 L - a wand of polymorph (6)
 U - a wand of flame (10)
Scrolls
 a - a scroll of fear
 f - 5 scrolls of vulnerability
 h - 2 scrolls of brand weapon
 i - 2 scrolls of poison
 j - 3 scrolls of enchant armour
 k - 3 scrolls of noise
 r - 2 scrolls of fog
 s - a scroll of magic mapping
 C - a scroll of amnesia
 F - a scroll of enchant weapon
 R - 2 scrolls of immolation {unknown}
Potions
 b - a potion of attraction {unknown}
 d - 3 potions of lignification {unknown}
 e - 2 potions of curing
 n - 2 potions of brilliance {unknown}
 u - 2 potions of mutation {unknown}
 v - 5 potions of flight
 M - a potion of berserk rage {unknown}
 N - a potion of might {unknown}
 S - a potion of haste {unknown}
 W - a potion of ambrosia {unknown}


   Skills:
 + Level 6.3 Fighting
 - Level 1.7 Dodging
 - Level 1.7 Stealth
 - Level 10.1 Shields
 - Level 10.0 Spellcasting
 - Level 10.7 Conjurations
 - Level 10.0 Translocations


You had 25 spell levels left.
You knew the following spells:

 Your Spells              Type           Power      Damage    Failure   Level
a - Magic Dart            Conj           100%       1d8       1%          1
b - Searing Ray           Conj           100%       2d8       1%          2
c - Iskenderun's Mystic   Conj/Tloc      64%        2d13      1%          4

Your spell library contained the following spells:

 Spells                   Type           Power      Damage    Failure   Level
 Dazzling Flash           Conj/Hex       88%        N/A       3%          3
 Beastly Appendage        Tmut           28%        N/A       10%         1
 Necrotise                Necr           56%        1d6       10%         1
 Slow                     Hex            56%        N/A       10%         1
 Fulminant Prism          Conj/Hex       22%        3d12      11%         4
 Wereblood                Tmut           14%        N/A       14%         2
 Confusing Touch          Hex            14%        N/A       28%         3
 Spider Form              Tmut/Pois      14%        N/A       28%         3
 Vampiric Draining        Necr           14%        2d7       28%         3
 Summon Ice Beast         Ice/Summ       14%        N/A       67%         4
 Agony                    Necr           14%        N/A       95%         5
 Summon Mana Viper        Hex/Summ       14%        N/A       95%         5
 Monstrous Menagerie      Summ           7%         N/A       100%        7


Dungeon Overview and Level Annotations

Branches:
Dungeon (13/15)            Temple (0/1) D:4            Lair (0/5) D:10
    Orc (0/2) D:11         Bailey (visited)
 Vaults: D:13-14

Shops:
D:2 (*[[   D:10 *   D:11 =

Annotations:
D:13 Sonja


Innate Abilities, Weirdness & Mutations

You have an increased reservoir of magic. (+10% MP)
You shall have no god before yourself.
Your divine heritage dramatically boosts your attributes as you level up.
((You are occasionally teleported next to monsters.))
[You have an uncontrollable temper.]
[You are very clumsy. (Dex -4)]
[Armour fits poorly on your strangely shaped body.]
[Your body often deteriorates upon taking damage.]
[You are very dopey. (Int -4)]
[You are extremely frail. (-30% HP)]
[You frequently scream uncontrollably at your foes.]
[You are very weak. (Str -4)]
[You are extremely vulnerable to heat. (rF---)]
[You sometimes lose the ability to read scrolls when taking damage.]


Message History

You feel weirdly uncertain.
You regained 2 hp, and now have 38/71 hp.
You now have 7/31 mp.
Casting: Iskenderun's Mystic Blast (dangerous; 1% risk of failure)
Confirm with . or Enter, or press ? or * to list all spells.
You erupt in a blast of force!
The mystic blast hits the large abomination!
The large abomination is almost destroyed.
The large abomination is knocked back by the mystic blast.
The large abomination slams into the stone wall!
The large abomination is almost destroyed.
You now have 4/31 mp.
Casting: Iskenderun's Mystic Blast (dangerous; 1% risk of failure)
Confirm with . or Enter, or press ? or * to list all spells.
You erupt in a blast of force!
The mystic blast hits the neqoxec.
You kill the neqoxec!
The mystic blast hits the large abomination!!
You destroy the large abomination!
A sixfirhy comes into view.
You now have 0/31 mp.
Casting: Iskenderun's Mystic Blast (dangerous; 1% risk of failure)
Confirm with . or Enter, or press ? or * to list all spells.
You don't have enough magic to cast this spell.
Unknown command.
You block the sixfirhy's attack. The sixfirhy hits you.
The sixfirhy shocks you!
You feel threatened and lose the ability to read scrolls!
* * * LOW HITPOINT WARNING * * *
The sixfirhy barely misses you. You block the sixfirhy's attack.
You take 12 damage, and have 28/71 hp.
The sixfirhy hits you.
* * * LOW HITPOINT WARNING * * *
The sixfirhy shocks you!
* * * LOW HITPOINT WARNING * * *
You block the sixfirhy's attack.
The sixfirhy hits you but does no damage.
You take 13 damage, and have 15/71 hp.
The raiju bursts into living lightning!
The living lightning hits you!!
You die...

#. #. ##. #..
# .. ## #..
.#. .... #.#
.#.### ##@#
##..#.#.
#.###
#.....##.3.#
## #
#..#...##..#
...
#..#.#.h##
###
#.3.##.#..#
..#...#
#.....#..#..#
#..### .#...#


You could see a raiju.

Vanquished Creatures
  Gastronok (D:8)
  Fannar (D:11)
  A hydra (D:11)
  Urug (D:12)
  5 two-headed ogres
  A shadow wraith (Abyss:2)
  Pikel (D:7)
  2 ugly things
  A deep elf pyromancer (D:11)
  A cyclops (D:11)
  A manticore (D:12)
  Maurice (D:8)
  3 gargoyles
  2 unseen horrors
  4 kobold demonologists
  A hellion (Abyss:3)
  Maggie (D:9)
  3 ancient zymes (Abyss:2)
  4 trolls
  A hornet (D:11)
  3 raiju
  A small abomination (Abyss:2)
  A shadow (D:10)
  3 wraiths
  A wyvern (D:9)
  A steam dragon (D:8)
  A large abomination (Abyss:3)
  A fire bat (Abyss:2)
  17 yaks
  A neqoxec (Abyss:3)
  2 chaos spawn
  7 vampire mosquitoes
  3 acid dragons
  Duvessa (D:4)
  18 orc warriors
  A sky beast (D:7)
  A black bear (D:4)
  An ice beast (D:7)
  An ogre (D:5)
  20 centaurs
  4 lemures
  8 kobold brigands
  A necrophage (D:7)
  3 bullfrogs
  3 scorpions
  2 wyvern zombies (D:7)
  4 gnoll sergeants
  2 water moccasin zombies (D:7)
  10 wights
  Dowan (D:4)
  10 howler monkeys
  A human zombie (D:7)
  2 hounds (D:5)
  8 orc priests
  A gnoll bouda (D:7)
  2 jellies
  Jessica (D:2)
  2 iguanas (D:6)
  3 sleepcaps
  Ijyb (D:4)
  Natasha (thrice) (D:2)
  12 orc wizards
  3 killer bee zombies (D:7)
  2 mummies (D:7)
  14 gnolls
  5 adders
  A shadow imp (D:6)
  5 ufetubi
  2 worms
  6 dart slugs
  92 orcs
  8 ball pythons
  11 bats
  7 endoplasms
  3 giant cockroaches
  8 goblins
  8 hobgoblins
  6 quokkas
  A frilled lizard (D:1)
  38 kobolds
  5 rats
430 creatures vanquished.

Notes
Turn   | Place    | Note
-------+----------+-------------------------------------------
     0 | D:1      | spardeous the Demigod Conjurer began the quest for the Orb.
     0 | D:1      | Reached XP level 1. HP: 14/14 MP: 5/5
   259 | D:1      | Reached XP level 2. HP: 20/20 MP: 5/7
   765 | D:1      | You fall into a shaft and drop 1 floor!
   765 | D:2      | Found Yssete's Armour Boutique.
   765 | D:2      | Found Lisch's Armour Boutique.
   990 | D:2      | Reached XP level 3. HP: 26/26 MP: 6/8
  1014 | D:2      | Noticed Jessica
  1019 | D:2      | HP: 1/26 [Jessica/+0 club (3)]
  1024 | D:2      | Killed Jessica
  1025 | D:2      | Reached skill level 5 in Conjurations
  1110 | D:2      | Found Iclyeme's General Store.
  1115 | D:2      | Noticed Natasha
  1128 | D:2      | Killed Natasha
  1129 | D:2      | Reached XP level 4. HP: 32/33 MP: 4/9
  1132 | D:2      | Learned a level 2 spell: Searing Ray
  1186 | D:2      | Noticed Natasha
  1190 | D:2      | Killed Natasha
  1219 | D:2      | Noticed Natasha
  1225 | D:2      | Killed Natasha
  1378 | D:2      | Found Xeushrupi's General Store.
  1534 | D:2      | Found Hyn Suh's Weapon Shoppe.
  2214 | D:3      | Reached XP level 5. HP: 38/38 MP: 8/10
  3115 | D:4      | Noticed Dowan
  3117 | D:4      | Noticed Duvessa
  3173 | D:3      | Learned a level 4 spell: Iskenderun's Mystic Blast
  3408 | D:4      | Found a staircase to the Ecumenical Temple.
  3854 | D:4      | Noticed a black bear
  3863 | D:4      | Killed a black bear
  3864 | D:4      | Reached XP level 6. HP: 38/45 MP: 3/13
  4040 | D:4      | Noticed Ijyb
  4237 | D:4      | Killed Ijyb
  4651 | D:5      | Entered Level 5 of the Dungeon
  4945 | D:5      | Reached XP level 7. HP: 50/50 MP: 10/17
  5216 | D:5      | Identified the +2 robe of Caifroos {rC+ Str+3}
  5667 | D:6      | Reached skill level 5 in Spellcasting
  5667 | D:6      | Reached skill level 1 in Translocations
  6247 | D:6      | Reached XP level 8. HP: 46/57 MP: 12/19
  6357 | D:6      | Reached skill level 5 in Translocations
  7305 | D:7      | Noticed Pikel
  7445 | D:7      | Killed Pikel
  8164 | D:7      | Reached XP level 9. HP: 62/62 MP: 12/21
  8567 | D:7      | Identified the +6 scale mail of the Moon {Rampage Drain
                  | rElec Dex+7}
 10209 | D:8      | Noticed Gastronok
 10334 | D:8      | Found a flagged portal.
 10443 | Bailey   | Entered a bailey
 11972 | Bailey   | Reached XP level 10. HP: 61/69 MP: 11/27
 13104 | D:8      | Noticed Maurice
 13158 | D:8      | Reached skill level 10 in Spellcasting
 13782 | D:4      | Killed Duvessa
 13903 | D:4      | Killed Dowan
 14701 | D:7      | Reached skill level 10 in Translocations
 14701 | D:7      | Reached XP level 11. HP: 74/74 MP: 3/29
 15611 | D:8      | Killed Maurice
 15620 | D:8      | Reached skill level 10 in Conjurations
 16202 | D:2      | Bought the +1 helmet of Dyffumum {+Inv Str+4 Int+3} for 420
                  | gold pieces
 16647 | D:8      | Killed Gastronok
 17272 | D:9      | Reached skill level 1 in Shields
 17996 | D:9      | Noticed Maggie
 18005 | D:9      | Killed Maggie
 18374 | D:10     | Entered Level 10 of the Dungeon
 18400 | D:10     | Found a staircase to the Lair.
 18874 | D:10     | Identified the +6 morningstar "Killer Bee's Curse" {freeze,
                  | Dex+3}
 19009 | D:10     | Found Picuk's Changing Room.
 19260 | D:10     | Noticed a two-headed ogre
 19268 | D:10     | Killed a two-headed ogre
 19269 | D:10     | Reached skill level 5 in Shields
 19403 | D:10     | Noticed a two-headed ogre
 19414 | D:10     | Killed a two-headed ogre
 19415 | D:10     | Reached XP level 12. HP: 46/81 MP: 4/30
 20604 | D:11     | Noticed Fannar
 21145 | D:11     | Killed Fannar
 21300 | D:11     | Noticed a five-headed hydra
 21311 | D:11     | Killed a five-headed hydra
 22302 | D:11     | Found Koyru's Jewellery Shoppe.
 22859 | D:11     | Found a staircase to the Orcish Mines.
 22879 | D:11     | Paralysed by a hornet for 1 turns
 23511 | D:12     | Reached skill level 10 in Shields
 23721 | D:12     | Identified the +2 buckler of Mumblety Peg {rCorr Str+4
                  | Int+2}
 23958 | D:12     | Reached skill level 1 in Fighting
 24365 | D:12     | Noticed Urug
 24369 | D:12     | Killed Urug
 25113 | D:13     | Noticed Sonja
 25133 | Abyss:2  | Cast into level 2 of the Abyss (Sonja)
 25331 | Abyss:2  | Reached skill level 5 in Fighting
 25389 | Abyss:2  | Reached XP level 13. HP: 45/101 MP: 0/31
 25517 | Abyss:2  | Noticed a daeva
 25531 | Abyss:2  | Noticed a cacodemon
 25766 | Abyss:3  | Noticed a starcursed mass
 25820 | Abyss:3  | Gained mutation: You are occasionally teleported next to
                  | monsters. [a neqoxec]
 25825 | Abyss:3  | Killed from afar by a raiju

Illustrated notes

Levels and vault maps discovered:
D:1:      kilobyte_arrival_exit_the_forest, layout_loops_ring
D:2:      layout_rooms, serial_shops, shop, shop,
          nicolae_shop_competitors_out_of_business, nicolae_square_shop,
          nicolae_square_shop, uniq_natasha, uniq_jessica
D:3:      layout_loops_corners, evilmike_ruin_ashenzari, general_overflow_altar,
          mainiacjoe_overflow_tiny_flanked, mainiacjoe_overflow_small_starburst,
          nicolae_ecumenical_pavilion, chequers_serial_rivers_marsh
D:4:      layout_cave_pools, minmay_temple_entry_tees, minmay_between,
          uniq_duvessa, uniq_ijyb
D:5:      layout_cave_pools
D:6:      minmay_chambers_of_fours, layout_rooms, lemuel_coloured_pillars_altar
D:7:      layout_basic, kennysheep_little_box,
          lemuel_mausoleum_altar_yredelemnul, mainiacjoe_overflow_24_doors,
          uniq_pikel
D:8:      layout_rooms, nicolae_gozag_cash_rules_everything_around_me,
          nicolae_vehumet_altar_sigil, gammafunk_temple_overflow_pools,
          enter_bailey_5, uniq_gastronok, uniq_maurice
D:9:      layout_big_octagon, amcnicky_altar_gilded, serial_co_window_serial,
          co_window_corner_a, co_window_paths_b, co_window_corner_a,
          co_window_paths_a, co_window_paths_b, co_window_of_opportunity_a,
          co_window_corner_b, co_window_broadway_b, co_window_of_opportunity_b,
          co_window_broadway_c, co_window_unsneaky_path_b, glass_columns_c,
          glass_columns_a, glass_columns_b, glass_columns_a, dk_vineyard_2,
          uniq_maggie
D:10:     layout_gridville, lair_entry_dummy, nicolae_transmutations_shop,
          minmay_joined_circles
D:11:     layout_roguey, hiddenorc2_lemuel, serial_shops, shop, uniq_fannar
D:12:     layout_basic, serial_aquarium, aquarium_bridge_long_joined
          [aquarium_subvault_balcony, aquarium_subvault_bridge,
          aquarium_subvault_bridge, aquarium_subvault_bridge,
          aquarium_subvault_wall, aquarium_subvault_bridge], aquarium_window_3,
          aquarium_window_fake, aquarium_window_1, aquarium_view_2b,
          aquarium_view_2e, aquarium_balcony_1a, aquarium_pool_corner, uniq_urug
D:13:     layout_gridville, grunt_vaults_entry_fortified,
          hangedman_tell_no_tales, uniq_sonja
Abyss:3:  base: D:5, evilmike_abyss_exit_plants, grunt_abyss_rune_wretched_hive

Skill      XL: |  1  2  3  4  5  6  7  8  9 10 11 12 13 |
---------------+----------------------------------------+-----
Conjurations   | 4 5 6 9 10 | 10.7
Spellcasting   | 2 4 5 9 10 | 10.0
Translocations | 4 8 10 | 10.0
Shields        | 5 10 | 10.1
Fighting       | 5 6 |  6.3
Dodging        | |  1.7
Stealth        | |  1.7

Action                     |  1- 3 |  4- 6 |  7- 9 | 10-12 | 13-15 || total
---------------------------+-------+-------+-------+-------+-------++-------
  Melee: Trident           |       |       |    20 |    19 |       ||    39
         Morningstar       |       |       |       |    63 |     1 ||    64
   Cast: Magic Dart        |    60 |   142 |    79 |     8 |       ||   289
         Searing Ray       |       |    16 |    55 |    18 |       ||    89
         Iskenderun's Myst |       |       |   115 |   370 |    21 ||   506
    Use: Potion            |     3 |       |       |     5 |     5 ||    13
         Scroll            |       |       |     5 |    10 |     4 ||    19
   Stab: Sleeping          |       |       |       |     1 |       ||     1
 Armour: Robe              |     2 |       |       |       |       ||     2
         Leather armour    |       |     4 |       |       |       ||     4
         Ring mail         |       |     2 |    43 |    73 |     3 ||   121
  Dodge: Dodged            |     8 |    25 |   123 |   241 |     8 ||   405
  Block: Buckler           |       |       |       |    98 |     7 ||   105
